 Dungeon Crawl Stone Soup version 0.20.1-1-g8b1a95d (webtiles) character file.

4652 n0claF the Thaumaturge (level 10, -4/52 HPs)
             Began as a Deep Elf Fire Elementalist on Oct 30, 2017.
             Engulfed by an ice statue's freezing vapour (24 damage)
             ... on level 8 of the Dungeon.
             The game lasted 00:37:32 (7593 turns).

n0claF the Thaumaturge (Deep Elf Fire Elementalist) Turns: 7593, Time: 00:37:33

Health: -4/52      AC:  3    Str: 11    XL:     10   Next: 20%
Magic:  23/27      EV: 14    Int: 29    God:
Gold:   404        SH:  0    Dex: 15    Spells: 18/31 levels left

rFire    + . .     SeeInvis .   H - +2 falchion
rCold    . . .     Gourm    .   (no shield)
rNeg     + . .     Faith    .   a - +0 robe
rPois    .         Spirit   .   (no helmet)
rElec    .         Reflect  .   (no cloak)
rCorr    .         Harm     .   (no gloves)
MR       +....     NoTele   +   z - +0 pair of boots
Stlth    +++.......             (no amulet)
Regen    0.2/turn               y - ring of the Bruised Wonders {-Tele rF+ rN+ Str+6 Int+2}
MPRegen  0.2/turn               r - +3 ring of intelligence

@: flying
A: no striking features
a: no special abilities


You were on level 8 of the Dungeon.
You were hungry.

You visited 2 branches of the dungeon, and saw 9 of its levels.

You collected 404 gold pieces.

Inventory:

Hand Weapons
 H - a +2 falchion (weapon)
Armour
 a - a +0 robe (worn)
 z - a +0 pair of boots (worn)
Jewellery
 l - a +6 ring of strength
 r - a +3 ring of intelligence (right hand)
 t - a +4 ring of dexterity {unknown}
 x - an uncursed ring of see invisible
 y - the ring of the Bruised Wonders (left hand) {-Tele rF+ rN+ Str+6 Int+2}
   (You found it on level 4 of the Dungeon)

   [ring of intelligence]

   It affects your strength (+6).
   It affects your intelligence (+2).
   It protects you from fire.
   It protects you from negative energy.
   It prevents most forms of teleportation.
 E - an uncursed ring of resist corrosion
 F - an uncursed ring of ice
Wands
 s - a wand of iceblast (4/15)
 A - a wand of iceblast (9/15)
 C - a wand of flame (26/48)
 G - a wand of iceblast (15/15)
Scrolls
 d - a scroll of vulnerability {unknown}
 g - 2 scrolls of random uselessness
 h - a scroll of fog
 i - a scroll of magic mapping {unknown}
 j - 2 scrolls of noise
 n - 4 scrolls of remove curse
 p - 3 scrolls of teleportation
 v - a scroll of identify
Potions
 e - 2 potions of agility
 f - 5 potions of resistance
 m - 5 potions of might
 o - 2 potions of magic
 q - 2 potions of mutation
Books
 b - a book of Flames

   Spells                             Type                      Level
   a - Flame Tongue                   Conjuration/Fire             1
   b - Throw Flame                    Conjuration/Fire             2
   c - Conjure Flame                  Conjuration/Fire             3
   d - Inner Flame                    Hexes/Fire                   3
   e - Sticky Flame                   Conjuration/Fire             4
   f - Fireball                       Conjuration/Fire             5
 B - a book of Necromancy

   Spells                             Type                      Level
   a - Pain                           Necromancy                   1
   b - Animate Skeleton               Necromancy                   1
   c - Vampiric Draining              Necromancy                   3
   d - Regeneration                   Charms/Necromancy            3
   e - Animate Dead                   Necromancy                   4
   f - Control Undead                 Necromancy                   4
Comestibles
 c - 4 bread rations
 k - 2 meat rations
 u - 2 royal jellies
 I - 5 fruits


   Skills:
 + Level 1.4 Fighting
 + Level 2.1 Long Blades
   Level 0.3 Polearms
 + Level 4.1 Dodging
 + Level 4.2 Stealth
 + Level 11.4 Spellcasting
 + Level 9.0 Conjurations
 + Level 8.8 Fire Magic


You had 18 spell levels left.
You knew the following spells:

 Your Spells              Type           Power        Failure   Level  Hunger
a - Flame Tongue          Conj/Fire      #####        1%          1    None
b - Conjure Flame         Conj/Fire      ######..     1%          3    None
c - Sticky Flame          Conj/Fire      ######..     1%          4    None
d - Fireball              Conj/Fire      ######....   2%          5    ###....


Dungeon Overview and Level Annotations

Branches:
Dungeon (8/15)             Temple (1/1) D:5
   Lair: D:8-11

Altars:
Cheibriados
Dithmenos
Elyvilon
Gozag
Kikubaaqudgha
Makhleb
Okawaru
Qazlal
Uskayaw
Vehumet
Xom
Zin

Annotations:
D:8 exclusion: ice statue


Message History

Press: ? - help, Shift-Dir - straight line, f/p - ice devil
Aim: an ice devil (severely wounded)
The fireball explodes!
The fireball engulfs the ice devil.
The ice devil is burned terribly!
You kill the ice devil!
Your Conjurations skill increases to level 9!
The ice statue gestures at you. The shard of ice hits you!
Ouch! That really hurt!
You see here a robe.
You see here a wand of iceblast (?/15).
A - a wand of iceblast (?/15)
The ice statue gestures at you. The freezing blast engulfs you!
* * * LOW HITPOINT WARNING * * *
You see here a chain mail.
You feel much better.
You are engulfed in freezing vapours.
* * * LOW HITPOINT WARNING * * *
You feel better.
You are engulfed in freezing vapours.
You die...

#..###.......###......#
#.......##..≈≈≈≈≈..##.#
#.#####.###≈≈≈≈≈≈≈###.#
#..##≈≈..)≈≈##..#
##..≈≈≈.....≈≈≈..##
##..≈≈≈.##.##.≈≈≈..## ##
##..#≈≈.§#(§§#..≈≈#..## #.
#.##..##≈≈.§§§8[...≈≈##..# #.
#......#≈≈..#@§[#..≈≈#...####.
...#####..≈≈≈.##§##.≈≈≈.........
. ##..≈≈≈.....≈≈≈..#######.
#..##≈≈...≈≈##.)# #.
#.###≈≈≈≈≈≈≈###.# ##
#.##..≈≈≈≈≈..##(#
#......###.....(######
##...#..#.......)....###
#...##.....###).###....


You could see an ice statue.

Vanquished Creatures
  7 ice devils (D:8)
  2 hippogriffs
  A water moccasin (D:7)
  An orc warrior (D:8)
  An ice beast (D:6)
  A sky beast (D:8)
  2 ogres
  A centaur (D:6)
  4 bullfrogs
  A big kobold (D:8)
  A wyvern skeleton (D:6)
  A scorpion (D:7)
  7 wights (D:6)
  A howler monkey (D:5)
  2 crimson imps
  3 hounds
  3 jellies
  2 orc priests (D:4)
  A centaur skeleton (D:6)
  7 orc wizards
  A bullfrog skeleton (D:6)
  An iguana (D:5)
  8 worker ants
  A hound skeleton (D:4)
  2 worker ant zombies
  10 gnolls
  13 adders
  A shadow imp (D:5)
  3 oozes
  5 ufetubi (D:8)
  An adder zombie (D:3)
  An adder skeleton (D:5)
  A worm (D:2)
  3 dart slugs
  4 leopard geckos
  20 orcs
  4 bats
  8 giant cockroaches
  5 goblins
  7 hobgoblins
  8 jackals
  4 quokkas
  4 ball pythons
  4 frilled lizards
  A jackal skeleton (D:5)
  13 kobolds
  A leopard gecko skeleton (D:4)
  A quokka skeleton (D:6)
  6 rats
190 creatures vanquished.

Notes
Turn   | Place    | Note
-------+----------+-------------------------------------------
     0 | D:1      | n0claF the Deep Elf Fire Elementalist began the quest for the Orb.
     0 | D:1      | Reached XP level 1. HP: 10/10 MP: 6/6
   105 | D:1      | Reached XP level 2. HP: 15/15 MP: 5/8
   557 | D:1      | Reached XP level 3. HP: 19/19 MP: 7/10
   562 | D:1      | Learned a level 3 spell: Conjure Flame
  1152 | D:2      | Reached XP level 4. HP: 24/24 MP: 8/11
  1187 | D:2      | Learned a level 4 spell: Sticky Flame
  1407 | D:2      | Reached skill level 4 in Spellcasting
  1771 | D:3      | Found an opulent altar of Gozag.
  1975 | D:3      | Reached skill level 5 in Fire Magic
  1975 | D:3      | Reached XP level 5. HP: 9/28 MP: 13/13
  2665 | D:4      | Noticed an ogre
  2687 | D:4      | Killed an ogre
  2687 | D:4      | Reached skill level 5 in Spellcasting
  2687 | D:4      | Reached XP level 6. HP: 15/33 MP: 0/15
  2882 | D:4      | Got a glittering tin ring
  2886 | D:4      | Identified the ring of the Bruised Wonders {-Tele rF+ rN+ Str+6 Int+2} (You found it on level 4 of the Dungeon)
  3546 | D:4      | Learned a level 5 spell: Fireball
  3562 | D:4      | Found a white marble altar of Elyvilon.
  3638 | D:4      | Reached XP level 7. HP: 37/37 MP: 7/17
  3958 | D:5      | Entered Level 5 of the Dungeon
  3977 | D:5      | Reached skill level 6 in Spellcasting
  3983 | D:5      | Found a staircase to the Ecumenical Temple.
  4087 | Temple   | Entered the Ecumenical Temple
  4679 | D:5      | Reached skill level 7 in Spellcasting
  4793 | D:6      | Reached skill level 1 in Long Blades
  4849 | D:6      | Reached skill level 1 in Fighting
  4849 | D:6      | Reached skill level 5 in Conjurations
  4880 | D:6      | Reached XP level 8. HP: 41/43 MP: 20/20
  5406 | D:6      | Found a shadowy altar of Dithmenos.
  5406 | D:6      | Found an ancient bone altar of Kikubaaqudgha.
  5453 | D:6      | Reached skill level 8 in Spellcasting
  5901 | D:6      | Found a hide-covered altar of Uskayaw.
  6064 | D:6      | Learned a level 3 spell: Conjure Flame
  6290 | D:7      | Found an iron altar of Okawaru.
  6294 | D:7      | Noticed a hippogriff
  6301 | D:7      | Killed a hippogriff
  6332 | D:7      | Reached XP level 9. HP: 40/47 MP: 16/23
  6348 | D:7      | Reached skill level 9 in Spellcasting
  6979 | D:8      | Noticed an ice devil
  6979 | D:8      | Noticed an ice statue
  6979 | D:8      | Noticed an ice devil
  6982 | D:8      | Noticed an ice devil
  6983 | D:8      | Noticed an ice devil
  6987 | D:8      | Noticed an ice devil
  6988 | D:8      | Noticed an ice devil
  7085 | D:8      | Killed an ice devil
  7091 | D:8      | Noticed an ice devil
  7091 | D:8      | Killed an ice devil
  7091 | D:8      | Reached skill level 10 in Spellcasting
  7191 | D:8      | Killed an ice devil
  7192 | D:8      | Killed an ice devil
  7201 | D:8      | Killed an ice devil
  7337 | D:8      | Killed an ice devil
  7337 | D:8      | Reached skill level 11 in Spellcasting
  7337 | D:8      | Reached XP level 10. HP: 52/52 MP: 14/27
  7593 | D:8      | Engulfed by an ice statue's freezing vapour

Skill      XL: |  1  2  3  4  5  6  7  8  9 10 |
---------------+-------------------------------+-----
Fire Magic     | 4 5 6 7 8 |  8.8
Conjurations   | 2 3 4 5 6 8 9 |  9.0
Spellcasting   | 4 5 7 8 11 | 11.4
Dodging        | 3 4 |  4.1
Stealth        | 3 4 |  4.2
Long Blades    | 1 2 |  2.1
Fighting       | 1 |  1.4
Polearms       | |  0.3

Action                   |  1- 3 |  4- 6 |  7- 9 | 10-12 || total
-------------------------+-------+-------+-------+-------++-------
Melee: Spear             |       |    24 |       |       ||    24
       Long sword        |       |    11 |    13 |       ||    24
       Falchion          |       |       |       |     2 ||     2
 Cast: Flame Tongue      |    62 |   112 |   157 |    19 ||   350
       Conjure Flame     |       |     8 |     4 |     1 ||    13
       Fireball          |       |       |    24 |     4 ||    28
       Sticky Flame      |       |       |     7 |       ||     7
  Use: Scroll            |       |       |    16 |       ||    16
       Potion            |       |       |       |     3 ||     3
  Eat: Chunk             |       |     8 |    10 |       ||    18
       Fruit             |       |       |     2 |       ||     2
       Bread ration      |       |       |     1 |       ||     1
Armor: Robe              |     4 |     4 |     6 |     2 ||    16
Dodge: Dodged            |     9 |    37 |    22 |     8 ||    76
       Rpst.: Long sword |       |     8 |     7 |       ||    15
